Map: Automaton LE

Players

Smileblind

  • Race: Terran Terran
  • League: Silver
  • Spawn Location: 9:00

A.I. 1 (Harder) - Winner!

  • Race: Zerg Zerg
  • Spawn Location: 3:00

VOD

Have the link to the VOD?

Description

Time

  • Played on: Jan. 15, 2019, 8:32 p.m.
  • Length: 32:55
Show
View Real Time Build Order
Export as new Build Order

Smileblind Terran 

Build Orders:  

Get SALT Encoding   

  12  0:02  SCV  
  13  0:19  SCV  
  13  0:20  Supply Depot  
  14  0:31  SCV  
  15  0:38  Engineering Bay  
  15  0:44  SCV  
  16  0:50  Supply Depot  
  16  1:02  SCV  
  17  1:13  Supply Depot  
  17  1:15  Barracks  
  17  1:20  Refinery  
  17  1:22  SCV  
  18  1:34  SCV  
  19  1:44  Refinery  
  19  1:46  SCV  
  20  1:58  SCV  
  21  2:10  SCV  
  21  2:13  Barracks  
  22  2:22  SCV  
  23  2:25  Factory  
  23  2:33  Barracks Reactor  
  23  2:34  SCV  
  24  2:52  SCV  
  25  3:13  Starport, Reaper  
  25  3:14  Reaper  
  27  3:22  Factory Tech Lab  
  27  3:42  Command Center  
  27  3:44  Barracks Tech Lab  
  29  3:54  Reaper x2  
  29  4:22  Siege Tank  
  32  4:26  Reaper x2  
  32  4:30  Marauder  
  36  4:49  Starport Tech Lab  
  36  4:51  Marauder  
  38  4:58  Marine x2  
  40  5:01  Supply Depot  
  40  5:12  Marauder  
  42  5:15  Siege Tank  
  42  5:16  Marine x2  
  47  5:23  Bunker  
  47  5:34  Marine x2  
  49  5:47  Siege Tank  
  52  5:50  Supply Depot  
  52  6:15  Supply Depot  
  52  6:29  Bunker  
  52  6:35  Banshee  
  52  6:38  Supply Depot  
  55  7:01  Supply Depot  
  52  7:02  Missile Turret  
  39  7:24  Missile Turret  
  39  7:30  Banshee  
  39  7:35  Marine x2  
  44  7:39  SCV  
  45  7:52  Marine  
  45  7:53  Marine  
  47  7:59  Supply Depot  
  47  8:06  Supply Depot  
  47  8:12  Banshee  
  50  8:28  Supply Depot  
  50  8:49  Cloaking Field  
  50  8:51  Supply Depot  
  50  8:52  Siege Tank  
  50  8:55  Banshee  
  53  8:56  Missile Turret  
  56  9:10  SCV  
  56  9:14  Supply Depot, Planetary Fortress  
  57  9:18  Missile Turret  
  57  9:22  SCV  
  58  9:24  Siege Tank  
  61  9:31  Refinery  
  61  9:32  Refinery  
  61  9:34  SCV  
  61  9:38  Banshee  
  62  9:39  Missile Turret  
  67  9:46  SCV, Marauder  
  68  9:58  SCV  
  71  10:07  Marauder  
  71  10:10  SCV  
  71  10:13  Missile Turret  
  72  10:21  Banshee  
  72  10:23  SCV  
  76  10:28  Sensor Tower  
  76  10:35  SCV, Missile Turret  
  77  10:47  SCV  
  77  10:48  Fusion Core  
  78  10:59  SCV  
  78  11:04  Banshee  
  79  11:11  SCV  
  71  11:30  SCV  
  72  11:39  Marine x3  
  75  11:42  SCV  
  75  11:46  Banshee  
  79  11:51  Starport  
  79  11:55  SCV  
  79  11:56  Marine  
  79  11:57  Marine x2  
  83  12:07  SCV  
  84  12:14  Marine x2  
  84  12:15  Marine  
  87  12:18  Hyperflight Rotors  
  87  12:19  SCV  
  88  12:29  Medivac  
  90  12:30  Missile Turret  
  90  12:31  SCV  
  90  12:32  Marine x3  
  94  12:38  Terran Infantry Weapons Level 1  
  94  12:42  Starport Tech Lab  
  94  12:49  SCV  
  94  12:50  Marine x3  
  98  12:59  Medivac  
  98  13:01  SCV  
  101  13:08  Marine  
  93  13:30  Command Center  
  93  13:31  Cyclone  
  96  14:03  Cyclone  
  99  14:16  Battlecruiser  
  105  14:19  Rapid Reignition System  
  105  14:25  Missile Turret  
  105  14:26  Supply Depot  
  105  14:32  Terran Infantry Armor Level 1  
  105  14:50  Supply Depot  
  94  15:21  Battlecruiser  
  86  15:25  Planetary Fortress  
  86  15:32  Battlecruiser  
  92  15:45  Marauder  
  92  15:46  Marine x2  
  96  15:57  Cyclone  
  96  16:04  Marine x2  
  100  16:06  Marauder  
  100  16:08  Missile Turret  
  103  16:14  Missile Turret  
  103  16:25  Supply Depot x2, Battlecruiser  
  109  16:26  Hi-Sec Auto Tracking  
  109  16:27  SCV  
  109  16:28  Marauder  
  112  16:39  SCV  
  113  16:51  SCV  
  114  17:00  Command Center  
  111  17:23  Neosteel Armor  
  111  17:33  Battlecruiser  
  117  17:40  Missile Turret  
  117  17:45  SCV  
  117  17:49  Barracks Tech Lab  
  118  17:58  SCV  
  119  18:00  Missile Turret  
  119  18:09  Refinery  
  119  18:10  SCV  
  120  18:14  Refinery  
  120  18:21  Missile Turret  
  120  18:22  SCV, Missile Turret  
  120  18:23  Bunker, Marine  
  123  18:34  SCV  
  123  18:37  Supply Depot  
  123  18:39  Supply Depot  
  123  18:41  Marine  
  124  18:43  Supply Depot  
  124  18:44  Missile Turret  
  124  18:47  Supply Depot  
  124  18:51  Battlecruiser  
  130  18:58  Marine  
  131  19:05  Missile Turret  
  131  19:06  Supply Depot  
  131  19:16  Marine  
  132  19:27  Sensor Tower  
  132  19:34  Marine  
  132  19:35  Battlecruiser  
  139  19:52  Marine  
  140  19:55  Battlecruiser  
  146  20:07  Supply Depot  
  146  20:08  Supply Depot  
  146  20:09  Supply Depot  
  146  20:10  Supply Depot, Marine  
  147  20:15  SCV  
  148  20:27  Marine  
  148  20:28  SCV  
  150  20:29  SCV  
  150  20:32  Supply Depot  
  150  20:33  Supply Depot  
  150  20:35  Supply Depot  
  151  20:40  SCV  
  151  20:42  SCV  
  135  20:52  SCV  
  94  21:04  SCV  
  78  21:29  Battlecruiser  
  78  21:35  Banshee  
  64  21:45  Marine  
  64  21:56  Cyclone  
  67  22:03  Marine  
  68  22:18  Banshee  
  68  22:21  Marine  
  72  22:28  Cyclone  
  72  22:33  Battlecruiser  
  68  22:38  Marine  
  68  22:56  Marine  
  69  23:00  Cyclone  
  69  23:04  Banshee  
  75  23:14  Marine  
  76  23:32  Cyclone, Marine  
  80  23:37  Battlecruiser  
  80  23:41  SCV  
  87  23:51  Barracks  
  87  23:53  SCV  
  89  23:57  Barracks  
  90  24:04  Cyclone  
  90  24:05  SCV  
  94  24:17  SCV  
  94  24:21  Marauder  
  95  24:29  SCV  
  87  24:36  Siege Tank  
  73  24:38  Barracks  
  73  24:41  SCV, Battlecruiser  
  75  24:53  SCV  
  73  25:05  SCV  
  72  25:08  Cyclone  
  72  25:13  Barracks Tech Lab  
  75  25:17  SCV  
  75  25:19  Barracks Tech Lab  
  76  25:26  Barracks  
  76  25:34  Banshee  
  79  25:40  Cyclone  
  82  26:17  Banshee  
  85  26:23  Marine  
  86  26:26  Marine  
  86  26:27  Barracks, Command Center  
  86  26:28  Barracks  
  86  26:29  Marine  
  86  26:31  Marine  
  89  26:41  Marine  
  89  26:43  Refinery  
  89  26:44  Marine  
  89  26:46  Marine  
  91  26:47  Refinery  
  91  26:49  Marine  
  93  26:58  Marine  
  94  27:02  Marine  
  94  27:04  Marine  
  94  27:07  Marine  
  97  27:16  Marine  
  97  27:20  Marine  
  97  27:22  Marine  
  100  27:23  Refinery  
  100  27:24  Barracks Tech Lab  
  100  27:25  Marine  
  100  27:26  Barracks Tech Lab, Refinery  
  101  27:34  Marine  
  102  27:37  Marine  
  102  27:40  Marine  
  102  27:41  SCV  
  102  27:43  Marine  
  106  27:52  Starport  
  106  27:53  SCV  
  107  27:59  Combat Shield  
  107  28:05  SCV  
  108  28:17  SCV  
  109  28:24  Concussive Shells  
  109  28:27  Marauder  
  109  28:29  SCV  
  109  28:30  Marine  
  109  28:33  Medivac  
  115  28:43  Missile Turret  
  115  28:47  Marine  
  116  28:48  Marine  
  116  28:49  Marauder  
  116  28:51  Marine  
  116  28:53  Marine  
  121  28:57  Marine  
  122  29:04  Missile Turret  
  122  29:05  Marine  
  122  29:06  Marine  
  122  29:08  Marine  
  125  29:10  Marauder  
  125  29:11  Stimpack, Marine  
  125  29:15  Marine  
  129  29:17  Planetary Fortress  
  129  29:21  Medivac  
  129  29:23  Marine  
  132  29:24  Marine  
  132  29:26  Medivac, Marine  
  132  29:29  Missile Turret, Marine x2  
  140  29:31  Marauder  
  140  29:33  Marine  
  141  29:41  Marine  
  141  29:42  Marine  
  141  29:44  Marine  
  144  29:47  Marine x2  
  144  29:48  Planetary Fortress  
  149  29:53  Marauder, Sensor Tower  
  150  30:00  Marauder, Marine  
  150  30:02  Marine  
  150  30:05  Marine x2  
  154  30:11  Medivac  
  156  30:18  Marine  
  156  30:20  Marine x2  
  162  30:21  Marauder  
  162  30:22  Marine  
  162  30:23  Marine, Unknown  
  135  30:35  Marine  
  135  30:37  Marine  
  135  30:38  Marine  
  135  30:40  Marine x2  
  135  30:41  Medivac, Marine  
  102  30:43  Marauder  
  84  30:55  Marine  
  80  30:58  Marine  
  68  31:12  Marine x3  
  68  31:16  Marine  
  59  31:29  Marine  
  59  31:30  Marine x2  
  50  31:34  Marine  
  43  31:41  Marine  
  44  31:47  Marine x2  
  44  31:52  Marine  
  43  31:59  Marine  
  44  32:05  Marine x2  
  44  32:06  Banshee  
  49  32:09  Marine  
  48  32:17  Marine  
  47  32:23  Marine x2  
  47  32:27  Marine  
  46  32:30  Unknown  
  46  32:33  Unknown  
  46  32:34  Marine  
Show
View Real Time Build Order
Export as new Build Order

A.I. 1 (Harder) Zerg - Winner!

Build Orders: 1 Base Baneling Bust, Pool First, Muta Ling Bane 

Get SALT Encoding   

  12  0:00  Drone  
  13  0:12  Overlord  
  13  0:17  Drone  
  14  0:30  Drone  
  14  0:31  Drone  
  16  0:44  Spawning Pool  
  16  0:46  Drone  
  16  0:50  Drone  
  16  0:54  Extractor  
  16  0:56  Drone  
  17  1:06  Overlord  
  17  1:31  Zergling x2  
  17  1:32  Queen  
  18  1:38  Drone  
  18  1:39  Roach Warren  
  20  1:40  Extractor, Zergling x2  
  20  1:49  Drone  
  21  2:00  Drone  
  22  2:13  Drone  
  23  2:21  Roach  
  25  2:32  Drone  
  26  2:39  Overlord, Roach  
  28  2:49  Roach  
  30  2:58  Overlord, Roach  
  32  3:07  Roach  
  34  3:16  Roach  
  36  3:23  Overlord  
  36  3:26  Roach  
  38  3:35  Roach  
  40  3:44  Roach  
  40  3:47  Overlord  
  42  3:54  Roach  
  44  3:57  Drone  
  44  4:01  Drone  
  46  4:04  Roach  
  48  4:14  Baneling Nest  
  48  4:15  Drone, Roach  
  48  4:16  Drone  
  50  4:24  Zergling x2  
  50  4:27  Drone  
  52  4:37  Overlord  
  52  4:41  Evolution Chamber  
  51  4:46  Drone x2, Roach  
  51  4:49  Drone  
  56  5:00  Roach  
  58  6:17  Baneling, Overlord  
  58  6:18  Burrow, Zerg Melee Weapons Level 1  
  58  6:23  Zergling x2  
  58  6:25  Hatchery  
  58  6:29  Zergling x2  
  59  6:35  Zergling x2  
  60  6:48  Baneling x2, Zergling x2  
  61  6:54  Zergling x2  
  61  7:00  Zergling x2  
  60  7:06  Zergling x2  
  56  7:12  Zergling x2  
  49  7:18  Baneling x2, Zergling x2  
  42  7:24  Baneling  
  42  7:29  Queen  
  36  7:33  Metabolic Boost  
  36  7:37  Drone, Lair  
  36  7:38  Drone x3  
  36  7:42  Drone  
  36  7:43  Baneling  
  41  7:44  Extractor  
  41  7:47  Drone  
  41  7:52  Drone  
  41  7:58  Drone  
  43  8:03  Drone  
  44  8:09  Zergling x2  
  44  8:12  Zerg Ground Armor Level 1  
  45  8:14  Drone  
  45  8:19  Drone  
  47  8:24  Drone  
  48  8:30  Drone  
  49  8:36  Drone x2, Centrifical Hooks  
  49  8:37  Drone  
  49  8:39  Spire  
  49  8:41  Drone  
  52  8:47  Drone  
  53  8:52  Drone  
  54  8:57  Drone  
  54  9:02  Drone, Extractor  
  56  9:04  Spore Crawler  
  56  9:07  Drone  
  56  9:08  Drone x2, Spore Crawler  
  56  9:09  Drone  
  57  9:15  Overlord  
  57  9:18  Infestation Pit  
  56  9:24  Drone  
  56  9:25  Drone  
  58  9:37  Spine Crawler  
  57  9:39  Drone  
  57  9:41  Spine Crawler  
  57  9:42  Drone  
  57  9:43  Overseer  
  58  9:47  Drone, Spore Crawler  
  58  9:48  Overseer  
  58  9:51  Spore Crawler  
  58  9:52  Drone, Mutalisk  
  60  9:56  Queen, Hive  
  60  9:58  Mutalisk  
  64  10:03  Mutalisk  
  64  10:06  Zerg Missile Weapons Level 1  
  66  10:07  Hydralisk Den  
  66  10:08  Drone  
  66  10:09  Mutalisk  
  66  10:12  Evolution Chamber  
  67  10:15  Mutalisk  
  67  10:16  Spine Crawler  
  67  10:20  Spine Crawler, Drone, Mutalisk  
  70  10:25  Mutalisk x2  
  70  10:26  Zergling x2  
  75  10:32  Pneumatized Carapace  
  75  10:33  Zergling x2  
  75  10:34  Overseer  
  75  10:35  Zergling x2  
  77  10:40  Hatchery  
  76  10:45  Zergling x2  
  76  10:47  Zergling x2  
  76  10:49  Zergling x2  
  79  10:51  Zergling x2  
  79  10:55  Overlord  
  80  11:01  Zergling x4  
  80  11:03  Zergling x2  
  79  11:05  Zergling x2  
  79  11:07  Queen, Zergling x2  
  80  11:16  Zerg Melee Weapons Level 2  
  80  11:25  Baneling  
  80  11:26  Baneling x2  
  80  11:27  Baneling x3, Zergling x2  
  80  11:28  Zergling x2  
  80  11:30  Zergling x2  
  83  11:40  Zerg Flyer Weapons Level 1  
  83  11:53  Drone  
  84  11:54  Drone  
  84  11:55  Spore Crawler  
  84  11:57  Drone  
  84  12:00  Drone, Zerg Ground Armor Level 2  
  86  12:03  Drone  
  86  12:05  Spore Crawler  
  86  12:06  Drone  
  87  12:08  Drone  
  87  12:11  Drone  
  87  12:13  Drone  
  87  12:14  Drone  
  91  12:16  Drone  
  91  12:19  Drone  
  91  12:21  Drone  
  94  12:24  Overlord  
  94  12:26  Drone  
  94  12:28  Drone  
  96  12:30  Drone  
  96  12:32  Drone  
  96  12:33  Drone  
  96  12:35  Drone  
  96  12:36  Drone  
  101  12:43  Spine Crawler, Overlord  
  100  12:44  Drone  
  100  12:49  Spine Crawler  
  100  12:50  Drone  
  101  12:54  Queen  
  103  13:03  Ultralisk Cavern  
  103  13:04  Drone  
  102  13:06  Drone  
  102  13:09  Drone  
  102  13:11  Drone  
  102  13:12  Drone  
  103  13:14  Drone  
  103  13:32  Zerg Missile Weapons Level 2  
  103  13:34  Zerg Flyer Armor Level 1  
  103  13:36  Overlord, Roach  
  103  13:38  Roach  
  103  13:40  Hydralisk  
  109  13:42  Hydralisk  
  109  13:44  Infestor  
  109  13:47  Roach  
  115  13:49  Roach  
  115  13:51  Roach  
  115  13:53  Roach  
  115  13:55  Hydralisk, Overlord  
  123  13:57  Hydralisk  
  123  13:59  Infestor  
  123  14:01  Infestor  
  129  14:06  Extractor, Roach  
  129  14:08  Extractor  
  129  14:12  Extractor, Roach  
  129  14:15  Overlord, Roach  
  132  14:17  Roach  
  132  14:19  Roach  
  132  14:21  Roach  
  138  14:33  Overlord, Roach  
  138  14:35  Roach  
  138  14:36  Hydralisk  
  144  14:39  Hydralisk  
  146  14:50  Hydralisk  
  146  14:51  Overlord  
  148  14:53  Hydralisk  
  148  14:55  Infestor  
  152  15:02  Infestor  
  154  15:09  Drone, Overlord  
  154  15:10  Drone x2  
  154  15:11  Infestor  
  154  15:13  Pathogen Glands  
  158  15:21  Glial Reconstitution  
  158  15:27  Overlord  
  158  15:39  Adrenal Glands  
  158  15:46  Overlord  
  158  16:09  Neural Parasite  
  158  16:12  Zerg Melee Weapons Level 3  
  158  16:46  Corruptor  
  160  16:50  Corruptor  
  162  16:58  Viper, Overlord  
  151  17:09  Mutalisk  
  151  17:21  Mutalisk  
  153  17:32  Mutalisk  
  155  17:44  Mutalisk  
  157  17:55  Mutalisk  
  159  18:07  Mutalisk  
  159  18:08  Overlord  
  161  18:13  Overseer  
  161  18:27  Mutalisk, Overlord  
  163  18:38  Mutalisk  
  165  18:46  Overlord  
  165  18:57  Lair  
  165  19:05  Overlord x2, Overseer  
  165  19:17  Mutalisk  
  167  19:28  Mutalisk  
  169  19:39  Mutalisk  
  171  19:51  Mutalisk  
  173  20:03  Mutalisk  
  175  20:14  Mutalisk  
  175  20:20  Overseer  
  175  20:21  Overlord  
  177  20:26  Roach  
  177  20:28  Roach  
  181  20:30  Roach  
  181  20:32  Roach  
  181  20:34  Hatchery  
  184  20:38  Hydralisk  
  176  20:44  Hydralisk  
  160  20:52  Unknown  
  150  21:02  Infestor  
  150  21:32  Hydralisk  
  147  21:35  Overseer x3  
  145  21:46  Drone, Queen  
  146  21:55  Extractor  
  146  21:56  Drone  
  146  21:59  Drone, Spore Crawler  
  146  22:01  Zerg Ground Armor Level 3, Drone, Spore Crawler  
  146  22:03  Roach  
  146  22:07  Extractor  
  145  22:08  Drone  
  145  22:14  Overseer  
  146  22:20  Roach  
  146  22:22  Overseer  
  140  22:27  Roach  
  140  22:28  Spine Crawler  
  140  22:29  Drone  
  130  22:30  Spine Crawler, Roach  
  130  22:32  Drone  
  130  22:33  Roach  
  130  22:35  Zergling x2  
  125  22:38  Roach  
  125  22:41  Overseer  
  127  22:46  Roach  
  127  22:50  Hydralisk  
  131  22:55  Hydralisk  
  133  22:59  Hydralisk  
  133  23:03  Hydralisk  
  137  23:17  Infestor  
  139  23:30  Infestor, Overlord  
  141  24:09  Overlord, Overseer  
  137  24:14  Overseer  
  137  24:27  Overlord  
  133  24:32  Zerg Missile Weapons Level 3  
  133  24:38  Zergling x2  
  127  24:48  Tunneling Claws  
  123  24:56  Hydralisk  
  123  24:59  Hydralisk  
  121  25:01  Hydralisk  
  121  25:03  Hydralisk  
  121  25:05  Hydralisk  
  119  25:08  Hydralisk  
  119  25:13  Hydralisk  
  120  25:28  Ravager x2  
  120  25:29  Ravager x3  
  124  25:36  Zerg Flyer Weapons Level 2  
  124  26:50  Infestor  
  126  26:58  Overseer, Roach  
  126  27:00  Roach  
  130  27:02  Overlord  
  130  27:03  Roach  
  130  27:05  Roach  
  130  27:07  Roach  
  136  27:09  Roach  
  136  27:11  Roach  
  136  27:13  Infestor  
  142  27:22  Overlord  
  142  27:23  Infestor  
  144  27:38  Overseer  
  144  27:40  Overlord  
  144  27:43  Infestor  
  146  27:48  Hatchery  
  145  27:52  Zerg Flyer Armor Level 2  
  145  27:58  Overlord  
  145  29:01  Drone, Queen  
  148  29:13  Extractor  
  148  29:14  Drone  
  148  29:20  Spore Crawler  
  148  29:21  Drone  
  148  29:22  Drone, Spore Crawler  
  148  29:23  Extractor  
  147  29:25  Drone  
  148  29:49  Overlord  
  148  29:50  Ultralisk  
  148  29:51  Spine Crawler  
  153  29:53  Spine Crawler  
  153  29:55  Ultralisk  
  164  30:00  Ultralisk  
  170  30:07  Ultralisk  
  170  30:08  Zerg Flyer Weapons Level 3  
  170  30:09  Overlord  
  170  30:21  Ultralisk  
  170  30:27  Infestor, Drone x2, Overlord  
  176  30:32  Zergling x2  
  176  30:37  Ultralisk  
  170  30:44  Ultralisk, Chitinous Plating  
  170  30:47  Overlord, Overseer  
  170  30:48  Hydralisk  
  158  31:45  Hydralisk  
  158  31:50  Hydralisk  
  156  31:55  Hydralisk  
  156  32:00  Hydralisk  
  158  32:06  Hydralisk  
Tags
 
Add a new tag
Caveats
  • Supply blocks, unpowered buildings, or Contaminate may cause inaccurate times.
  • Supply counts are checked every 10 seconds.